 Dungeon Crawl Stone Soup version 0.29.0-4-gdea44cf6ec (webtiles) character file.

Game seed: 12390813928117785006

151 qw the Chopper (level 5, -1/30 HPs)
             Began as a Tengu Warper on Aug 28, 2022.
             Slain by an iguana (6 damage)
             ... on level 4 of the Dungeon.
             The game lasted 00:00:20 (3924 turns).

qw the Chopper (Tengu Warper)                       Turns: 3924, Time: 00:00:20

Health: -1/30      AC:  6    Str: 13    XL:     5   Next: 33%
Magic:  9/9        EV: 11    Int: 14    God:
Gold:   20         SH:  0    Dex: 13    Spells: 8/8 levels left

rFire   . . .      SeeInvis +   l - +0 hand axe (vamp)
rCold   . . .      Faith    .   (no shield)
rNeg    . . .      Spirit   .   f - +0 scale mail
rPois   .          Reflect  .   (helmet restricted)
rElec   .          Harm     .   (no cloak)
rCorr   .          Rampage  .   (no gloves)
Will    .....                   (boots unavailable)
Stlth   ..........              (no amulet)
HPRegen 0.10/turn               (no ring)
MPRegen 0.11/turn               (no ring)

@: flying quickly and evasively, quick
A: beak, talons 3, nimble flight, see invisible, no potion heal 1
a: no special abilities


You were on level 4 of the Dungeon.
You visited 1 branch of the dungeon, and saw 4 of its levels.

You collected 144 gold pieces.
You spent 124 gold pieces at shops.


Innate Abilities, Weirdness & Mutations

You have a beak for a mouth.
You have claws for feet.
Your magical nature lets you fly swiftly and evasively.
You have supernaturally acute eyesight. (SInv)
Potions are less effective at restoring your health.


   Skills:
 - Level 2.0 Fighting
 + Level 5.9 Axes
 - Level 1.0 Throwing
 - Level 1.1 Armour
 - Level 2.1 Dodging
 - Level 2.0 Spellcasting
 - Level 2.4 Translocations


You had 8 spell levels left.
You didn't know any spells.
Your spell library contained the following spells:

 Spells                   Type           Power      Damage    Failure   Level
 Blink                    Tloc           16%        N/A       54%         2
 Gell's Gravitas          Tloc           8%         N/A       78%         3
 Lesser Beckoning         Tloc           8%         N/A       78%         3
 Teleport Other           Tloc           8%         N/A       78%         3
 Manifold Assault         Tloc           8%         N/A       100%        5

Inventory:

Hand Weapons
 h - a +2 whip of venom
 k - the +9 whip of the Bruised Mystics {flame, rPois rC- Str-3 Int+8}
   (You found it on level 4 of the Dungeon)

   It burns those it strikes, dealing additional fire damage.
   Str:       It affects your strength (-3).
   Int:       It affects your intelligence (+8).
   rC:        It makes you vulnerable to cold.
   rPois:     It protects you from poison.
 l - a +0 vampiric hand axe (weapon)
Armour
 f - a +0 scale mail (worn)
Scrolls
 a - 4 scrolls of noise {unknown}
 c - a scroll of fear {unknown}
 i - 4 scrolls of identify
 n - a scroll of summoning {unknown}
Potions
 b - a potion of heal wounds {unknown}
 d - a potion of resistance {unknown}
 e - a potion of invisibility {unknown}
 g - a potion of brilliance {unknown}
 j - 4 potions of curing
 m - a potion of degeneration {unknown}
 o - a potion of lignification {unknown}

Dungeon Overview and Level Annotations

Branches:
Dungeon (4/15)
 Temple: D:4-7

Altars:
Dithmenos
Wu Jian

Shops:
D:4 =?[!(


Message History

You kill the endoplasm!
You start resting.
An iguana is nearby!
The iguana hisses angrily.
You hit the iguana but do no damage.
The iguana is lightly wounded.
The iguana bites you.
You barely miss the iguana.
The iguana is lightly wounded.
The iguana bites you!
You barely miss the iguana. You claw the iguana, but do no damage.
The iguana is lightly wounded.
The iguana bites you.
You closely miss the iguana. You peck the iguana, but do no damage.
The iguana bites you.
You hit the iguana but do no damage. Your kick misses the iguana.
The iguana barely misses you.
You hit the iguana but do no damage. You claw the iguana.
The iguana is moderately wounded.
The iguana bites you.
You closely miss the iguana. Your kick misses the iguana.
The iguana is moderately wounded.
The iguana bites you.
You completely miss the iguana. You peck the iguana.
The iguana is heavily wounded.
The iguana closely misses you.
You hit the iguana but do no damage. You claw the iguana, but do no damage.
The iguana is heavily wounded.
The iguana barely misses you.
You hit the iguana. You peck the iguana, but do no damage.
The iguana is heavily wounded.
The iguana closely misses you.
You hit the iguana but do no damage. Your kick misses the iguana.
The iguana is heavily wounded.
The iguana barely misses you.
You hit the iguana.
You feel better.
Your kick misses the iguana. Your peck misses the iguana.
The iguana is heavily wounded.
The iguana bites you.
You die...

................
...................
..}.}.............
#.\..............
#}.}........... ######
.##....#...#...! #8..\.
.......#..###.# #¤.¤~~
#......@l..#..#####.¤¤~~
##.##.###.........#.¤¤~~
# ##..#..#.##.~~~~
###...#..####..~~~
#.).......####....
#.....##...#......
##....##..........
##....###.........
###.)..####.........


You could see an iguana.

Vanquished Creatures
  6 adders
  3 worms (D:2)
  5 orcs (D:3)
  6 ball pythons
  10 bats
  8 endoplasms
  6 giant cockroaches
  6 goblins
  4 hobgoblins
  4 jackals (D:4)
  8 kobolds
  5 quokkas
  A frilled lizard (D:1)
  6 rats
78 creatures vanquished.

Notes
Turn   | Place    | Note
-------+----------+-------------------------------------------
     0 | D:1      | qw the Tengu Warper began the quest for the Orb.
     0 | D:1      | Reached XP level 1. HP: 12/12 MP: 4/4
     0 | D:1      | 0 ||| qw: Version: 0.1-a-89-g26bdef1
     0 | D:1      | 0 ||| qw: Game counter: 1274
     0 | D:1      | 0 ||| qw: Always use a shield: true
     0 | D:1      | 0 ||| qw: God list: Okawaru
     0 | D:1      | 0 ||| qw: Allow faded altars: false
     0 | D:1      | 0 ||| qw: Do Orc after D:15 true
     0 | D:1      | 0 ||| qw: Do second Lair branch before Depths: true
     0 | D:1      | 0 ||| qw: Lair rune preference: random
     0 | D:1      | 0 ||| qw: Plans: Normal
     0 | D:1      | 0 ||| PLANNING D:1-11
   293 | D:1      | Reached XP level 2. HP: 17/17 MP: 6/6
   337 | D:1      | Reached skill level 3 in Axes
  1179 | D:1      | Reached XP level 3. HP: 21/21 MP: 7/7
  1184 | D:1      | 1184 ||| Stepping ~*~*~tactically~*~*~ (stealth).
  1185 | D:1      | 1185 ||| Stepping ~*~*~tactically~*~*~ (stealth).
  1186 | D:1      | 1186 ||| Stepping ~*~*~tactically~*~*~ (stealth).
  1187 | D:1      | 1187 ||| Stepping ~*~*~tactically~*~*~ (stealth).
  1188 | D:1      | 1188 ||| Stepping ~*~*~tactically~*~*~ (stealth).
  1189 | D:1      | 1189 ||| Stepping ~*~*~tactically~*~*~ (stealth).
  1190 | D:1      | 1190 ||| Stepping ~*~*~tactically~*~*~ (stealth).
  1194 | D:1      | 1194 ||| Stepping ~*~*~tactically~*~*~ (stealth).
  1195 | D:1      | 1195 ||| Stepping ~*~*~tactically~*~*~ (stealth).
  1197 | D:1      | 1197 ||| Stepping ~*~*~tactically~*~*~ (stealth).
  1198 | D:1      | 1198 ||| Stepping ~*~*~tactically~*~*~ (stealth).
  1199 | D:1      | 1199 ||| Stepping ~*~*~tactically~*~*~ (stealth).
  1200 | D:1      | 1200 ||| Stepping ~*~*~tactically~*~*~ (stealth).
  1482 | D:1      | 1482 ||| READING scroll labelled ZUCKUIRCHEA.
  1606 | D:1      | 1606 ||| READING scroll labelled TUVA EH JIY.
  1607 | D:1      | 1607 ||| READING scroll labelled LEZEDU ZINUGE.
  1608 | D:1      | 1608 ||| READING scroll labelled ANASTOEFOE.
  1613 | D:1      | 1613 ||| READING scroll labelled JAIG ZIRPHARYS.
  1614 | D:1      | 1614 ||| READING scroll labelled PUK EWEINUSHRUXAFI.
  1615 | D:1      | 1615 ||| DRINKING 2 bubbling emerald potions.
  1615 | D:1      | Gained mutation: Your spells are a little harder to cast,
                  | but a little more powerful. [potion of mutation]
  1615 | D:1      | Gained mutation: Armour fits poorly on your strangely
                  | shaped body. [potion of mutation]
  1616 | D:1      | 1616 ||| DRINKING potion of mutation.
  1616 | D:1      | Lost mutation: Your spells are a little harder to cast, but
                  | a little more powerful. [potion of mutation]
  1616 | D:1      | Lost mutation: Armour fits poorly on your strangely shaped
                  | body. [potion of mutation]
  1616 | D:1      | Gained mutation: You have supernaturally acute eyesight.
                  | (SInv) [potion of mutation]
  1616 | D:1      | Gained mutation: Potions are less effective at restoring
                  | your health. [potion of mutation]
  1617 | D:1      | 1617 ||| DROPPING scroll of blinking.
  1647 | D:2      | 1647 ||| Stepping ~*~*~tactically~*~*~ (stealth).
  1655 | D:2      | Reached skill level 4 in Axes
  2108 | D:2      | Found a faded altar of an unknown god.
  2111 | D:2      | Reached XP level 4. HP: 26/26 MP: 8/8
  2648 | D:2      | Reached skill level 5 in Axes
  2777 | D:2      | 2777 ||| UPGRADING to +0 ring mail.
  2787 | D:2      | 2787 ||| DROPPING +0 leather armour.
  2891 | D:3      | 2891 ||| Stepping ~*~*~tactically~*~*~ (stealth).
  2912 | D:3      | Found a shadowy altar of Dithmenos.
  2915 | D:3      | Found an ornate altar of the Wu Jian Council.
  3028 | D:3      | Gained mutation: Your magical nature lets you fly swiftly
                  | and evasively. [Tengu growth]
  3028 | D:3      | Reached XP level 5. HP: 27/30 MP: 9/9
  3153 | D:3      | 3153 ||| Stepping ~*~*~tactically~*~*~ (stealth).
  3278 | D:3      | 3278 ||| UPGRADING to +0 scale mail.
  3288 | D:3      | 3288 ||| DROPPING +0 ring mail.
  3289 | D:3      | 3289 ||| READING scroll labelled RETOTEATYUCS.
  3290 | D:3      | 3290 ||| READING scroll labelled LYAZOA RIYLL.
  3320 | D:4      | 3320 ||| STAIRDANCE
  3421 | D:4      | Found Ohaetiyd's Distillery.
  3423 | D:4      | 3423 ||| Stepping ~*~*~tactically~*~*~ (stealth).
  3424 | D:4      | 3424 ||| Stepping ~*~*~tactically~*~*~ (stealth).
  3440 | D:4      | 3440 ||| BUYING potion of curing (36 gold).
  3440 | D:4      | Bought a potion of curing for 36 gold pieces
  3440 | D:4      | 3440 ||| BUYING potion of curing (36 gold).
  3440 | D:4      | Bought a potion of curing for 36 gold pieces
  3440 | D:4      | 3440 ||| SHOPLISTING potion of curing (36 gold, have 34).
  3440 | D:4      | 3440 ||| SHOPLISTING potion of might (48 gold, have 34).
  3440 | D:4      | Identified the +9 whip of the Bruised Mystics {flame, rPois
                  | rC- Str-3 Int+8}
  3465 | D:4      | Found Noysuin's Antique Weapon Boutique.
  3473 | D:4      | 3473 ||| SHOPLISTING broad axe (92 gold, have 39).
  3473 | D:4      | 3473 ||| SHOPLISTING glowing flail (149 gold, have 39).
  3473 | D:4      | 3473 ||| SHOPLISTING glowing war axe (149 gold, have 39).
  3576 | D:4      | HP: 7/30 [orc/+0 club (5)]
  3577 | D:4      | 3577 ||| READING scroll of teleportation.
  3801 | D:4      | Found Qaruklo's Magic Scroll Shop.
  3816 | D:4      | 3816 ||| SHOPLISTING scroll of enchant weapon (97 gold,
                  | have 53).
  3816 | D:4      | 3816 ||| BUYING scroll of identify (26 gold).
  3816 | D:4      | Bought a scroll of identify for 26 gold pieces
  3816 | D:4      | 3816 ||| BUYING scroll of identify (26 gold).
  3816 | D:4      | Bought a scroll of identify for 26 gold pieces
  3816 | D:4      | 3816 ||| SHOPLISTING scroll of identify (26 gold, have 1).
  3816 | D:4      | 3816 ||| SHOPLISTING scroll of teleportation (39 gold, have
                  | 1).
  3858 | D:4      | Found Heuvaror's Antique Armour Shop.
  3867 | D:4      | 3867 ||| SHOPLISTING black opal-encrusted chain mail (237
                  | gold, have 20).
  3867 | D:4      | 3867 ||| SHOPLISTING chain mail (112 gold, have 20).
  3867 | D:4      | 3867 ||| SHOPLISTING pair of gloves (112 gold, have 20).
  3867 | D:4      | 3867 ||| SHOPLISTING plate armour (575 gold, have 20).
  3888 | D:4      | Found Otoil's Jewellery Shop.
  3919 | D:4      | HP: 4/30 [iguana (4)]
  3924 | D:4      | Slain by an iguana

Levels and vault maps discovered:
D:1:      amcnicky_arrival_double_pillar, layout_basic, st_stairs_11,
          minmay_misc_feat_cross
D:2:      layout_basic, basic_ecumenical_altar
D:3:      layout_rooms, minitemple, st_stairs_11
D:4:      layout_cave_pools, minmay_temple_entry_enclosed_plants, serial_shops,
          shop_fountains, shop, nicolae_lakefront_shop, shop, shop_scrolls,
          minmay_lizard_king

Skill      XL: |  1  2  3  4 |
---------------+-------------+-----
Axes           | 3 4 5 |  5.9
Fighting       | |  2.0
Throwing       | |  1.0
Armour         | |  1.1
Dodging        | |  2.1
Spellcasting   | |  2.0
Translocations | |  2.4

Action                   |  1- 3 |  4- 6 || total
-------------------------+-------+-------++-------
Melee: Hand axe          |    49 |   112 ||   161
       Kick              |    15 |    26 ||    41
       Peck              |     8 |     9 ||    17
       Punch             |     1 |       ||     1
Throw: Boomerang         |     7 |       ||     7
       Javelin           |    24 |    11 ||    35
  Use: Scroll            |     6 |     3 ||     9
       Potion            |     2 |       ||     2
Armor: Leather armour    |    17 |     4 ||    21
       Ring mail         |       |    14 ||    14
       Scale mail        |       |    19 ||    19
Dodge: Dodged            |    16 |    71 ||    87

Table legend:
 A = Non-vault XP
 B = Vault XP
 C = Vault XP percentage of total XP
 D = Non-vault monster count
 E = Vault monster count
 F = Vault count percentage of total count
                 A         B        C        D         E       F
            +---------+---------+-------+---------+---------+-------
      Total |     192 |      24 |  11.1 |      70 |       8 |  10.3
            +---------+---------+-------+---------+---------+-------
        D:1 |      29 |       7 |  19.4 |      19 |       4 |  17.4
        D:2 |      80 |       0 |   0.0 |      21 |       0 |   0.0
        D:3 |      61 |      17 |  21.8 |      18 |       4 |  18.2
        D:4 |      22 |       0 |   0.0 |      12 |       0 |   0.0
            +---------+---------+-------+---------+---------+-------
